 Dungeon Crawl Stone Soup version 0.19-a0-1224-g978f909 (webtiles) character file.

112 LORDOFBUTT the Covered (level 4, 0/40 HPs)
             Began as a Minotaur Fighter on Aug 24, 2016.
             Was an Initiate of Gozag.
             Slain by LandisOverThere's ghost (9 damage)
             ... on level 3 of the Dungeon.
             The game lasted 00:02:17 (1230 turns).

LORDOFBUTT the Covered (Minotaur Fighter)           Turns: 1230, Time: 00:02:18

Health: 0/40       AC:  8    Str: 26    XL:     4   Next: 63%
Magic:  3/3        EV:  8    Int:  5    God:    Gozag
Gold:   119        SH: 10    Dex: 10    Spells: 0 memorised, 3 levels left

rFire  . . .     SeeInvis .     a - +0 flail
rCold  . . .     Gourm    .     b - +0 scale mail
rNeg   . . .     Faith    .     c - +0 shield
rPois  .         Spirit   .     (helmet restricted)
rElec  .         Dismiss  .     g - +0 cloak
rCorr  .         Reflect  .     (no gloves)
MR     .....     Harm     .     (no boots)
Stlth  ..........               (no amulet)
                                (no ring)
                                (no ring)

@: mighty
A: retaliatory headbutt, horns 2
a: Potion Petition, Call Merchant, Bribe Branch, Renounce Religion


You were on level 3 of the Dungeon.
You worshipped Gozag.
Gozag was aware of your devotion.
You were very hungry.

You visited 1 branch of the dungeon, and saw 3 of its levels.

You collected 155 gold pieces.
You paid 36 gold pieces to Gozag.

Inventory:

Hand Weapons
 a - a +0 flail (weapon)
Armour
 b - a +0 scale mail (worn)
 c - a +0 shield (worn)
 g - a +0 cloak (worn)
Jewellery
 r - an uncursed ring of protection from magic {unknown}
Scrolls
 i - 3 scrolls of recharging
 j - 2 scrolls of remove curse
 l - a scroll of identify
 n - 2 scrolls of enchant weapon {unknown}
 p - a scroll of blinking
Potions
 e - 2 potions of agility
 h - 3 potions of heal wounds {unknown}
 m - a potion of flight
 o - a potion of lignification {unknown}
 q - a potion of curing {unknown}
Comestibles
 f - a bread ration
 k - a meat ration
 s - a fruit


   Skills:
 + Level 4.1 Fighting
 + Level 3.0 Maces & Flails
 + Level 4.9 Armour
 + Level 1.4 Dodging
 + Level 4.5 Shields


You had 3 spell levels left.
You didn't know any spells.

Dungeon Overview and Level Annotations

Branches:
Dungeon (3/15)

Altars:
Cheibriados
Gozag

Annotations:
D:3 LandisOverThere's ghost, amateur DsGl


Innate Abilities, Weirdness & Mutations

You reflexively headbutt those who attack you in melee.
You have a pair of horns on your head.


Message History

LandisOverThere's ghost is lightly damaged.
LandisOverThere's ghost hits you but does no damage.
The kobold throws a stone.
You block the stone.
Your shield and scale mail prevent you from hitting LandisOverThere's ghost.
You headbutt LandisOverThere's ghost, but do no damage.
LandisOverThere's ghost is lightly damaged.
LandisOverThere's ghost hits you!
* * * LOW HITPOINT WARNING * * *
The kobold drinks a potion.
The kobold suddenly seems more agile.
You block the goblin's attack.
LandisOverThere's ghost closely misses you.
You sock LandisOverThere's ghost!
LandisOverThere's ghost is heavily damaged.
The goblin barely misses you.
You block LandisOverThere's ghost's attack.
You closely miss LandisOverThere's ghost.
LandisOverThere's ghost is heavily damaged.
You block the goblin's attack. LandisOverThere's ghost hits you!
You die...
Your body crumbles into a pile of gold.

#...............##
#....)............
#.................
#.................
#................
#########$#..##. .
#....## ...
#....#.....
#.#@g....#
#.#W.#.....
........###
.####..#.# .. ...
.. .. ..K....
..... . ......


You could see LandisOverThere's ghost, a goblin and a kobold.

Vanquished Creatures
  Jessica (D:2)
  2 adders (D:2)
  An ooze (D:1)
  4 giant geckos
  A ball python (D:1)
  8 bats
  A giant cockroach (D:1)
  7 goblins
  5 hobgoblins
  5 jackals
  A quokka (D:2)
  6 giant newts
  8 kobolds
  7 rats
57 creatures vanquished.

Notes
Turn   | Place    | Note
-------+----------+-------------------------------------------
     0 | D:1      | LORDOFBUTT the Minotaur Fighter began the quest for the Orb.
     0 | D:1      | Reached XP level 1. HP: 19/19 MP: 0/0
   172 | D:1      | Reached XP level 2. HP: 16/27 MP: 1/1
   340 | D:1      | Reached XP level 3. HP: 30/33 MP: 2/2
   727 | D:2      | Noticed Jessica
   736 | D:2      | Killed Jessica
   736 | D:2      | Reached skill level 1 in Dodging
   736 | D:2      | Reached XP level 4. HP: 39/40 MP: 3/3
   812 | D:2      | Found a snail-covered altar of Cheibriados.
   876 | D:2      | Found an opulent altar of Gozag.
  1054 | D:2      | Became a worshipper of Gozag Ym Sagoz the Greedy
  1221 | D:3      | Noticed LandisOverThere's ghost (amateur DsGl)
  1230 | D:3      | Slain by LandisOverThere's ghost

Vault maps used:
D:1:      dpeg_arrival_signposts, hangedman_decor_opposing
D:2:      grunt_gozag_statues, cheibriados_altar_1, kennysheep_jessica_study
D:3:      okawaru_gym_becter, old_standard_altar, tso_altar, ecumenical_altar_2,
          grunt_ministairs_4

Skill      XL: |  1  2  3  4 |
---------------+-------------+-----
Armour         | 4 |  4.9
Fighting       | 4 |  4.1
Dodging        | 1 |  1.4
Shields        | 4 |  4.5
Maces & Flails | 3 |  3.0

Action                   |  1- 3 |  4- 6 || total
-------------------------+-------+-------++-------
Melee: Flail             |    83 |    51 ||   134
       Headbutt          |     7 |     9 ||    16
  Use: Scroll            |     5 |       ||     5
       Potion            |       |     1 ||     1
Armor: Scale mail        |    58 |    23 ||    81
Dodge: Dodged            |    36 |    15 ||    51
Block: Shield            |    67 |    30 ||    97
